 Dungeon Crawl Stone Soup version 0.28-a0-724-g66f9036eb4 (webtiles) character file.

Game seed: 14619087149631788625

4508 AarnesTheHuman the Protected (level 10, -14/83 HPs)
             Began as a Barachi Fighter on Oct 27, 2021.
             Was a Believer of Cheibriados.
             Demolished by a skeletal warrior (15 damage)
             ... led by a skeletal warrior
             ... on level 7 of the Dungeon.
             The game lasted 00:15:49 (9514 turns).

AarnesTheHuman the Protected (Barachi Fighter)      Turns: 9514, Time: 00:15:50

Health: -14/83     AC: 12    Str: 30    XL:     10   Next: 39%
Magic:  15/15      EV: 10    Int: 15    God:    Cheibriados [**....]
Gold:   243        SH: 10    Dex: 17    Spells: 9/9 levels left

rFire   + + .      SeeInvis .   a - +8 eveningstar "Bybenaxt" {vorpal, rF+}
rCold   . . .      Faith    .   c - +0 buckler
rNeg    . . .      Spirit   .   i - +1 scale mail {rF+}
rPois   .          Reflect  +   (no helmet)
rElec   .          Harm     .   (no cloak)
rCorr   .          Rampage  .   (no gloves)
Will    .....                   h - +2 pair of boots
Stlth   ..........              l - amulet of reflection
HPRegen 0.23/turn               r - +6 ring of strength
MPRegen 0.14/turn               (no ring)

@: mighty, about to teleport, very slow
A: amphibious, slowness 1, strong legs 1, +LOS
a: Hop, Renounce Religion, Bend Time


You were on level 7 of the Dungeon.
You worshipped Cheibriados.
Cheibriados was pleased with you.
You visited 2 branches of the dungeon, and saw 8 of its levels.

You collected 362 gold pieces.
You spent 119 gold pieces at shops.

Inventory:

Hand Weapons
 a - the +8 eveningstar "Bybenaxt" (weapon) {vorpal, rF+}
   (You took it off a kobold brigand on level 7 of the Dungeon)

   It inflicts extra damage upon your enemies.
   rF:        It protects you from fire.
 b - the +1 hunting sling "Xogaopp" {venom, rC+ Str+4}
   (You found it on level 5 of the Dungeon)

   Any ammunition fired from it poisons the flesh of those it strikes.
   Str:       It affects your strength (+4).
   rC:        It protects you from cold.
 w - a +0 hunting sling
 A - a +0 long sword
Missiles
 e - 3 javelins
 f - 131 sling bullets
 s - 195 stones
 B - a curare-tipped dart
Armour
 c - a +0 buckler (worn)
 h - a +2 pair of boots (worn)
 i - a +1 scale mail of fire resistance (worn)
 z - +0 steam dragon scales
Jewellery
 l - an amulet of reflection (around neck)
 r - a +6 ring of strength (left hand)
Wands
 n - a wand of paralysis (7)
 D - a wand of polymorph (6)
Scrolls
 k - 2 scrolls of teleportation
 m - a scroll of summoning {unknown}
 t - a scroll of identify
 u - 3 scrolls of amnesia
 x - a scroll of fog {unknown}
 y - a scroll of enchant armour {unknown}
 C - a scroll of blinking {unknown}
Potions
 g - a potion of resistance
 j - a potion of ambrosia
 o - a potion of attraction
 p - 2 potions of curing
 q - a potion of haste
 v - a potion of brilliance {unknown}


   Skills:
 + Level 9.1 Fighting
 - Level 8.4 Long Blades
 + Level 1.2 Maces & Flails
 + Level 3.5 Slings
 + Level 9.1 Armour
 - Level 4.0 Shields
 * Level 7.0 Invocations


You had 9 spell levels left.
You didn't know any spells.
Your spell library contained the following spells:

 Spells                   Type           Power      Damage    Failure   Level
 Animate Skeleton         Necr           0%         N/A       45%         1
 Swiftness                Air            0%         N/A       83%         3
 Malign Gateway           Summ/Tloc      0%         N/A       100%        7
 Storm Form               Tmut/Air       0%         N/A       100%        7


Dungeon Overview and Level Annotations

Branches:
Dungeon (7/15)             Temple (1/1) D:5

Altars:
Cheibriados
Dithmenos
Gozag
Hepliaklqana
Kikubaaqudgha
Makhleb
Nemelex Xobeh
Okawaru
Ru
Trog
Uskayaw
Zin

Shops:
D:3 *   D:4 [

Annotations:
D:3 exclusion: downstairs
D:4 1 runed translucent door, exclusion: door, BlueGoblin's ghost, amateur TrMo
D:5 exclusion: door


Innate Abilities, Weirdness & Mutations

You are amphibious.
You cover ground slowly.
You can hop short distances.
You have an extended range of vision and can be seen from far away.


Message History

Okay, then.
Unknown command.
Unknown command.
Unknown command.
You feel very mighty all of a sudden.
The skeletal warrior hits you from afar with a +0 glaive.
You hit the skeletal warrior.
The skeletal warrior is lightly damaged.
The skeletal warrior hits you with a +0 short sword!!
The skeletal warrior hits you from afar with a +0 glaive.
The skeletal warrior closely misses you.
You thump the skeletal warrior!
The skeletal warrior is moderately damaged.
The skeletal warrior hits you from afar with a +0 glaive.
You block the skeletal warrior's attack.
You thump the skeletal warrior!
The skeletal warrior is heavily damaged.
You block the skeletal warrior's attack.
The skeletal warrior hits you but does no damage.
The skeletal warrior barely misses you.
You barely miss the skeletal warrior.
The skeletal warrior is heavily damaged.
The skeletal warrior hits you but does no damage.
The skeletal warrior barely misses you.
The skeletal warrior hits you with a +0 short sword!
You sock the skeletal warrior!
The skeletal warrior is severely damaged.
The skeletal warrior hits you from afar with a +0 glaive.
The skeletal warrior hits you with a +0 short sword.
You barely miss the skeletal warrior.
The skeletal warrior is severely damaged.
The skeletal warrior hits you from afar with a +0 glaive!!
* * * LOW HITPOINT WARNING * * *
The skeletal warrior closely misses you.
You block the skeletal warrior's attack.
The skeletal warrior hits you but does no damage.
As you read the scroll of teleportation, it crumbles to dust.
You feel strangely unstable.
The skeletal warrior hits you from afar with a +0 glaive!
You die...

#.....#. #.#.#.#.
#.....#. ##'#####
######## #....#.
#......# #.##.#.
#......# ### #.##.')
#.###..########...#
#....##
#.#⌠#........@zz..#
######.
#.###.###..####z..#
#. #.....# #..# ###
#######.
###.#.###..####
#######.......
#...........#
#....###.#####
#######..##.###....#
#.#....
#.........##....#
#.#.###
######.#..##....#
#.#....
#........#.....#
#.#..##


You could see 3 skeletal warriors.

Vanquished Creatures
  Pikel (D:5)
  2 hornets (D:6)
  Prince Ribbit (D:6)
  A vampire mosquito (D:7)
  2 steam dragons (D:7)
  Menkaure (D:4)
  A water moccasin (D:5)
  Duvessa (D:5)
  2 orc warriors (D:7)
  4 ice beasts
  A hornet zombie (D:7)
  5 black bears
  4 necrophages
  3 centaurs
  4 lemures (D:4)
  3 kobold brigands (D:7)
  Dowan (D:5)
  A scorpion (D:5)
  2 water moccasin zombies (D:5)
  3 hounds
  3 orc priests
  2 bullfrog skeletons (D:6)
  2 iguanas (D:5)
  4 orc wizards
  Natasha (thrice) (D:4)
  A hound skeleton (D:4)
  A howler monkey zombie (D:7)
  A howler monkey skeleton (D:7)
  4 adders
  A shadow imp (D:5)
  2 white imps (D:5)
  An ufetubus (D:5)
  An adder skeleton (D:4)
  3 worms
  3 dart slugs
  15 orcs
  4 ball pythons
  4 bats
  3 endoplasms
  2 giant cockroaches
  2 hobgoblins
  3 quokkas
  6 frilled lizards
  2 goblins (D:4)
  14 kobolds
  A rat (D:3)
131 creatures vanquished.

Vanquished Creatures (others)
  6 plants (D:3)
6 creatures vanquished.

Grand Total: 137 creatures vanquished

Notes
Turn   | Place    | Note
-------+----------+-------------------------------------------
     0 | D:1      | AarnesTheHuman the Barachi Fighter began the quest for the
                  | Orb.
     0 | D:1      | Reached XP level 1. HP: 18/18 MP: 1/1
   320 | D:1      | Found a faded altar of an unknown god.
   335 | D:1      | Got Plato's Disquisition on Darkness
   585 | D:1      | Reached XP level 2. HP: 25/25 MP: 2/2
  1121 | D:2      | Reached XP level 3. HP: 30/30 MP: 3/3
  1673 | D:3      | Found a hazy altar of Hepliaklqana.
  1702 | D:3      | Reached XP level 4. HP: 6/38 MP: 4/4
  2101 | D:3      | Found Ixtaxunt's General Store.
  2606 | D:4      | Noticed Menkaure
  2943 | D:4      | Found Galubbof's Antique Armour Boutique.
  2952 | D:4      | Bought a glowing scale mail for 119 gold pieces
  3059 | D:4      | Reached XP level 5. HP: 41/43 MP: 5/5
  3233 | D:4      | Found a runed translucent door.
  3332 | D:4      | HP: 1/43 [Menkaure/nerve-wracking pain (13)]
  3335 | D:4      | Killed Menkaure
  3336 | D:4      | Reached skill level 5 in Fighting
  3336 | D:4      | Reached skill level 5 in Armour
  3336 | D:4      | Reached XP level 6. HP: 33/51 MP: 6/6
  3501 | D:4      | Noticed BlueGoblin's ghost (amateur TrMo)
  3501 | D:4      | Noticed a black bear
  3506 | D:4      | Noticed Pikel
  3757 | D:4      | Noticed Natasha
  3761 | D:4      | Killed Natasha
  3843 | D:4      | Found an iron altar of Okawaru.
  3845 | D:4      | Noticed a black bear
  3860 | D:4      | Killed a black bear
  3861 | D:4      | Reached skill level 5 in Long Blades
  3879 | D:4      | Noticed Natasha
  3887 | D:4      | Killed Natasha
  3888 | D:4      | Reached XP level 7. HP: 54/57 MP: 7/7
  3922 | D:4      | Noticed Natasha
  3928 | D:4      | Killed Natasha
  4344 | D:4      | Found Galubbof's Antique Armour Boutique.
  4640 | D:4      | Found a runed translucent door.
  4758 | D:4      | Found an iron altar of Okawaru.
  5070 | D:4      | Found a runed translucent door.
  5375 | D:4      | Found Galubbof's Antique Armour Boutique.
  5749 | D:5      | Entered Level 5 of the Dungeon
  6102 | D:5      | Found a staircase to the Ecumenical Temple.
  6113 | Temple   | Entered the Ecumenical Temple
  6124 | Temple   | Became a worshipper of Cheibriados the Contemplative
  6217 | D:5      | Reached skill level 1 in Invocations
  6783 | D:5      | Noticed Duvessa
  6783 | D:5      | Noticed Dowan
  6812 | D:5      | Reached XP level 8. HP: 60/65 MP: 9/9
  6832 | D:5      | Killed Duvessa
  7072 | D:5      | Identified the +1 hunting sling "Xogaopp" {venom, rC+
                  | Str+4}
  7399 | D:5      | Killed Dowan
  7607 | D:6      | Reached * piety under Cheibriados
  7616 | D:6      | Noticed a hornet
  7626 | D:5      | Killed Pikel
  7627 | D:5      | Reached XP level 9. HP: 51/74 MP: 10/12
  7735 | D:6      | Paralysed by a hornet for 3 turns
  7736 | D:6      | Killed a hornet
  7737 | D:6      | Reached skill level 5 in Invocations
  7948 | D:6      | Noticed Prince Ribbit
  7951 | D:6      | Killed Prince Ribbit
  7952 | D:6      | Reached skill level 1 in Slings
  8087 | D:6      | Noticed a five-headed hydra
  8300 | D:6      | Found a burning altar of Makhleb.
  8363 | D:6      | Noticed a hornet
  8370 | D:6      | Killed a hornet
  8488 | D:6      | Found a hide-covered altar of Uskayaw.
  8816 | D:7      | Reached XP level 10. HP: 82/82 MP: 14/14
  8871 | D:7      | Reached ** piety under Cheibriados
  8923 | D:7      | Identified the +8 eveningstar "Bybenaxt" {vorpal, rF+}
  9057 | D:7      | Got Qiat Gatoil's Catalogue of Flying Displacement
  9069 | D:7      | Reached skill level 1 in Maces & Flails
  9505 | D:7      | Noticed a skeletal warrior
  9505 | D:7      | Noticed a skeletal warrior
  9505 | D:7      | Noticed a skeletal warrior
  9513 | D:7      | HP: 1/83 [skeletal warrior[a skeletal warrior] (28)]
  9514 | D:7      | Demolished by a skeletal warrior

Illustrated notes

Levels and vault maps discovered:
D:1:      amcnicky_arrival_feature_with_door, layout_rooms,
          shapermc_ecumenical_altar_rom_forum, interstate_on_off
D:2:      layout_basic, kennysheep_generic_room_9
D:3:      layout_loops_ring, mainiacjoe_overflow_boulevard, serial_shops,
          nicolae_shop_waterfront
D:4:      layout_basic, general_overflow_altar, serial_shops, shop_statue,
          ebering_ghost_inner_flame, uniq_natasha, uniq_menkaure, uniq_pikel
D:5:      kennysheep_six_static_rooms, layout_basic, minmay_temple_entry_arrows,
          dk_noncrumbling_3, uniq_duvessa
D:6:      layout_basic, makhleb_heckhound_becter, mainiacjoe_overflow_brackets,
          uniq_prince_ribbit1
D:7:      minmay_clustersquares, layout_basic, feat_on_display
Temple:   dshaligram_water_room_temple

Skill      XL: |  1  2  3  4  5  6  7  8  9 10 |
---------------+-------------------------------+-----
Fighting       | 4 5 6 7 8 9 |  9.1
Long Blades    | 3 4 5 6 7 8 |  8.4
Armour         | 4 5 6 7 8 9 |  9.1
Shields        | 4 |  4.0
Invocations    | 2 4 6 7 |  7.0
Slings         | 2 3 |  3.5
Maces & Flails | 1 |  1.2

Action                   |  1- 3 |  4- 6 |  7- 9 | 10-12 || total
-------------------------+-------+-------+-------+-------++-------
Melee: Long sword        |    87 |   162 |   224 |    13 ||   486
       Eveningstar       |       |       |       |    32 ||    32
 Fire: Hunting sling     |       |    12 |    58 |    43 ||   113
 Abil: Hop               |       |       |     1 |       ||     1
Evoke: Wand              |       |       |     4 |       ||     4
  Use: Scroll            |       |    13 |     3 |     1 ||    17
       Potion            |       |     1 |       |     1 ||     2
Armor: Scale mail        |    38 |    54 |   105 |    28 ||   225
Dodge: Dodged            |    31 |    55 |   103 |    35 ||   224
Block: Buckler           |    43 |    70 |   134 |    37 ||   284
       Reflection        |       |     2 |     3 |     4 ||     9

Table legend: (Time is in decaauts)
 A = Elapsed time spent in this place.
 B = Non-inter-level travel time spent in this place.
 C = Inter-level travel time spent in this place.
 D = Time resting spent in this place.
 E = Time spent auto-exploring this place.
 F = Levels seen in this place.
 G = Mean time per level.
                   A        B        C        D        E       F      G
               +--------+--------+--------+--------+--------+-----+--------+
         Total |  11359 |  11098 |    261 |   1826 |   7549 |   8 | 1419.9 |
       Dungeon |  11333 |  11084 |    249 |   1826 |   7549 |   7 | 1619.0 |
        Temple |     26 |     15 |     11 |      0 |      0 |   1 |   26.0 |
               +--------+--------+--------+--------+--------+-----+--------+

Top non-repeatable levels by time:
     D:4: 3707 daAuts
     D:5: 2577 daAuts
     D:3: 1419 daAuts
     D:7: 1195 daAuts
     D:6: 887 daAuts
     D:1: 797 daAuts
     D:2: 747 daAuts
  Temple: 26 daAuts
